 Dungeon Crawl Stone Soup version 0.26-a0-665-gefeb406119 (webtiles) character file.

Game seed: 7339420409551537870

311541 reriks the Champion of Chaos (level 20, -31/194 HPs)
             Began as a Deep Dwarf Fighter on Oct 14, 2020.
             Was the Champion of Makhleb.
             Killed from afar by a deep elf annihilator (78 damage)
             ... with a crystal spear
             ... on level 3 of the Elven Halls.
             The game lasted 01:20:02 (30935 turns).

reriks the Champion of Chaos (Deep Dwarf Fighter)  Turns: 30935, Time: 01:20:02

Health: -31/194    AC: 34    Str: 31    XL:     20   Next: 76%
Magic:  32/32 (23) EV: 18    Int: 11    God:    Makhleb [******]
Gold:   4426       SH: 18    Dex: 16    Spells: 18/19 levels left

rFire    + . .     SeeInvis +   L - +9 broad axe (flame)
rCold    x . .     Faith    +   o - +2 kite shield {reflect}
rNeg     + . .     Spirit   .   Y - +4 plate armour
rPois    +         Reflect  +   X - +2 helmet of Action {rC- Int+2 Dex+4 Stlth+}
rElec    +         Harm     .   R - +1 cloak {rCorr}
rCorr    +         Rampage  .   S - +1 pair of gloves "Mibyrigi" {Slay+3 SInv}
MR       +++..                  n - +1 pair of boots of Insatiable Hunger {MP+9 Int-4 Dex+3}
Stlth    ..........             k - amulet of faith
HPRegen  0.00/turn              a - ring of Okawaru's Inspiration {Str+4 Slay+4}
MPRegen  0.23/turn              J - ring "Hoprit" {rElec rPois rF+ Int+2 Dex-3}

@: lethally poisoned (-31 -> -31), about to teleport, non-regenerating
A: damage resistance, heal wounds, negative energy resistance 1, sense
surroundings 3, no regeneration
}: 1/15 runes: decaying
a: Heal Wounds, Minor Destruction, Lesser Servant of Makhleb, Major Destruction,
Greater Servant of Makhleb, Renounce Religion


You were on level 3 of the Elven Halls.
You worshipped Makhleb.
Makhleb was exalted by your worship.
You visited 8 branches of the dungeon, and saw 35 of its levels.
You also visited: Bailey and Gauntlet.

You collected 5298 gold pieces.
You spent 872 gold pieces at shops.

Inventory:

Hand Weapons
 L - a +9 broad axe of flaming (weapon)
 N - a +1 broad axe of flaming
Missiles
 t - 43 javelins (quivered)
 z - 3 silver javelins
Armour
 c - a +1 kite shield
 n - the +1 pair of boots of Insatiable Hunger (worn) {MP+9 Int-4 Dex+3}
   (You found it on level 3 of the Swamp)

   It affects your intelligence (-4).
   It affects your dexterity (+3).
   It affects your magic capacity (+9).
 o - a +2 kite shield of reflection (worn)
 F - the +2 hat "Coteumu" {Int+2}
   (You found it on level 2 of the Elven Halls)

   It affects your intelligence (+2).
 R - a +1 cloak of preservation (worn)
 S - the +1 pair of gloves "Mibyrigi" (worn) {Slay+3 SInv}
   (You found it in a Gauntlet)

   It affects your accuracy and damage with ranged weapons and melee attacks
   (+3).
   It lets you see invisible.
 X - the +2 helmet of Action (worn) {rC- Int+2 Dex+4 Stlth+}
   (You acquired it on level 1 of the Swamp)

   It affects your intelligence (+2).
   It affects your dexterity (+4).
   It makes you vulnerable to cold.
   It makes you more stealthy.
 Y - a +4 plate armour (worn)
Jewellery
 a - the ring of Okawaru's Inspiration (left hand) {Str+4 Slay+4}
   (You found it on level 4 of the Lair of Beasts)

   [ring of slaying]

   It affects your strength (+4).
   It affects your accuracy and damage with ranged weapons and melee attacks
   (+4).
 k - an amulet of faith (around neck)
 q - an uncursed ring of resist corrosion
 A - an uncursed ring of ice {unknown}
 J - the ring "Hoprit" (right hand) {rElec rPois rF+ Int+2 Dex-3}
   (You acquired it on level 5 of the Lair of Beasts)

   [ring of protection from fire]

   It affects your intelligence (+2).
   It affects your dexterity (-3).
   It protects you from fire.
   It insulates you from electricity.
   It protects you from poison.
Wands
 j - a wand of disintegration (7)
 C - a wand of polymorph (6)
 O - a wand of iceblast (66)
 Z - a wand of digging (5)
Scrolls
 d - 20 scrolls of identify
 f - 9 scrolls of blinking
 g - 6 scrolls of enchant armour
 i - 3 scrolls of fog
 l - a scroll of summoning
 m - 21 scrolls of remove curse
 r - a scroll of enchant weapon
 w - 12 scrolls of amnesia
 x - 14 scrolls of teleportation
 y - 5 scrolls of magic mapping
 B - 2 scrolls of silence
 E - 8 scrolls of fear
 I - a scroll of vulnerability {unknown}
 M - a scroll of brand weapon
Potions
 b - 2 potions of ambrosia
 e - 12 potions of lignification
 h - 8 potions of haste
 p - 4 potions of stabbing
 s - 5 potions of heal wounds
 u - 2 potions of berserk rage
 v - 9 potions of brilliance
 D - 3 potions of invisibility
 G - 2 potions of flight
 H - a potion of mutation
 K - 7 potions of curing
 P - 3 potions of cancellation
 Q - 6 potions of magic
 U - 3 potions of might
 V - 2 potions of resistance
Miscellaneous
 T - a phial of floods


   Skills:
 + Level 15.2 Fighting
 + Level 17.5 Axes
 + Level 17.6 Armour
 + Level 15.1 Dodging
 + Level 17.7 Shields
 + Level 17.8 Invocations


You had 18 spell levels left.
You knew the following spells:

 Your Spells              Type           Power        Failure   Level
a - Beastly Appendage     Tmut           #.....       85%         1

Your spell library contained the following spells:

 Spells                   Type           Power        Failure   Level
 Corona                   Hex            #......      85%         1
 Foxfire                  Conj/Fire      #...         85%         1
 Freeze                   Ice            #...         85%         1
 Magic Dart               Conj           #...         85%         1
 Shock                    Conj/Air       #...         85%         1
 Ensorcelled Hibernation  Hex/Ice        #.....       94%         2
 Searing Ray              Conj           #.....       94%         2
 Swiftness                Air            #.......     94%         2
 Wereblood                Tmut           #.......     94%         2
 Confusing Touch          Hex            #.......     99%         3
 Dazzling Flash           Conj/Hex       #.....       99%         3
 Frozen Ramparts          Ice            #.....       99%         3
 Inner Flame              Hex/Fire       #.......     99%         3
 Mephitic Cloud           Conj/Pois/Air  #.......     99%         3
 Ozocubu's Armour         Ice            #.......     99%         3
 Spider Form              Tmut/Pois      #.........   99%         3
 Static Discharge         Conj/Air       #.......     99%         3
 Tukima's Dance           Hex            #.......     99%         3
 Airstrike                Air            #.........   100%        4
 Fulminant Prism          Conj/Hex       #.........   100%        4
 Hailstorm                Conj/Ice       #.......     100%        4
 Ice Form                 Ice/Tmut       #.......     100%        4
 Iskenderun's Mystic Bla  Conj/Tloc      #.......     100%        4
 Summon Ice Beast         Ice/Summ       #.......     100%        4
 Blade Hands              Tmut           #.........   100%        5
 Lightning Bolt           Conj/Air       #.........   100%        5
 Silence                  Hex/Air        #.........   100%        5
 Summon Demon             Summ           #.........   100%        5
 Summon Forest            Summ/Tloc      #.........   100%        5
 Summon Mana Viper        Hex/Summ       #.......     100%        5
 Conjure Ball Lightning   Conj/Air       #.........   100%        6
 Shadow Creatures         Summ           N/A          100%        6
 Summon Hydra             Summ           #.........   100%        7


Dungeon Overview and Level Annotations

Branches:
Dungeon (15/15)            Temple (1/1) D:7            Lair (6/6) D:11
  Swamp (4/4) Lair:3       Spider (0/4) Lair:3        Slime (0/5) Lair:5
    Orc (2/2) D:10            Elf (3/3) Orc:2        Vaults (3/5) D:14
  Crypt (0/3) Vaults:2     Depths (1/5) D:15         Bailey (visited)
Gauntlet (visited)

Altars:
Ashenzari
Dithmenos
Elyvilon
Fedhas
Gozag
Hepliaklqana
Kikubaaqudgha
Makhleb
Nemelex Xobeh
Okawaru
Qazlal
Ru
Sif Muna
Trog
Uskayaw
Vehumet
Wu Jian
Xom
Yredelemnul
Zin
The Shining One
Jiyva

Shops:
D:13 }   Orc:1 *   Orc:2 }!((   Elf:1 ?   Elf:3 =   Vaults:1 :

Annotations:
D:3 3 runed translucent doors, BigPumpCobain's ghost, amateur MfTm
D:4 1 runed translucent door, BruhMomento's ghost, novice DsAK
Orc:2 3 runed translucent doors, BruhMomento's ghost, journeyman DsBe
Elf:2 1 exclusion


Innate Abilities, Weirdness & Mutations

You are resistant to damage.
You can heal yourself by infusing magical energy.
You resist negative energy. (rN+)
You passively map a large area around you.
You do not regenerate.


Message History

Your body is wracked with pain!
* * * LOW HITPOINT WARNING * * *
The deep elf master archer moves out of view.
Things that are here:
a +0 long sword; a +0 rapier; an arrow The deep elf annihilator casts a spell.
The deep elf annihilator blinks!
The deep elf annihilator gestures at you while chanting.
The poison arrow hits you!
You are poisoned.
You partially resist.
* * * LOW HITPOINT WARNING * * *
Two crawling corpses merge to form a small abomination.
You hear a shout!
Items here: ( ) [ †.
As you read the scroll of teleportation, it crumbles to dust.
You feel strangely unstable.
The deep elf annihilator points at you and mumbles some strange words.
The crystal spear hits you!!!!
You die...

# #.....(.....###.## ##.### #
#...#...#.##....# ##..#
#...#(..#.##....## ##.#.# *
#...#...#........###.##.#
##.....#.....#####.#)#.###.##
.^.#########..(...e.........##
#......#....(.......#.##.###.##
....##.#..###...........#...#.#
...(# * .......@x).).#.#...#.#
#####* * #####..xE).§.#########
# #.(.#)#..# # #(..#e#..# #
##E##e##.# # * .# 2ee*## * # .#


eee2e** , , ## eeee4e.* , ,* *.eeee.1§§** ,, You could see 2 deep elf
annihilators, 2 earth elementals and 2 small abominations.

Vanquished Creatures
  3 deep elf master archers (Elf:3)
  A deep elf blademaster (Elf:2)
  Asterion (Vaults:2)
  A sphinx (Vaults:2)
  7 thorn hunters
  Donald (Elf:1)
  Roxanne (D:14)
  2 tengu reavers (Vaults:2)
  8 deep elf sorcerers
  Louise (Elf:2)
  A frost giant (Vaults:3)
  10 vault wardens
  3 deep elf elementalists (Elf:3)
  14 ironheart preservers
  The ghost of lunkers the Basher, a journeyman KoBe of Trog (Orc:1)
  4 stone giants
  Nessos (Lair:4)
  An entropy weaver (Vaults:3)
  7 very ugly things
  A vampire knight (Vaults:2)
  6 deep elf annihilators
  Azrael (Orc:2)
  5 deep elf demonologists
  A minotaur (Gauntlet)
  3 fire dragons
  2 ettins
  A jiangshi (Vaults:2)
  2 rakshasas
  2 deep elf death magi
  5 yaktaur captains
  24 hydras
  Erolcha (Orc:2)
  Josephine (Swamp:1)
  2 great orbs of eyes (Vaults:2)
  2 ghost crabs
  4 vault guards
  2 ice dragons (Vaults:3)
  3 boulder beetles
  A catoblepas (Lair:4)
  A shambling mangrove (Swamp:4)
  7 centaur warriors
  32 dancing weapons
  9 alligators
  21 two-headed ogres
  A queen ant (Lair:2)
  7 ogre magi
  2 deep troll earth magi (Vaults:2)
  A tengu warrior (D:13)
  A deep troll shaman (Vaults:2)
  2 death yaks (Gauntlet)
  3 orc high priests
  Urug (Lair:3)
  A soul eater (Vaults:2)
  21 deep elf knights
  A spriggan berserker (Swamp:4)
  Nergalle (D:11)
  Sonja (Lair:3)
  A fire crab (shapeshifter) (D:15)
  A deep troll (Vaults:2)
  A skeletal warrior (D:11)
  4 unseen horrors
  A sea snake (shapeshifter) (Vaults:1)
  3 spriggan druids
  15 swamp dragons
  A deep troll (shapeshifter) (D:15)
  An unseen horror (shapeshifter) (D:14)
  7 ironbrand convokers
  3 lindwurms
  2 wizards
  Pikel (D:5)
  A harpy (Vaults:1)
  A necromancer (Vaults:3)
  A fire giant zombie (Vaults:3)
  11 deep elf archers
  17 orc knights
  58 deep elf magi
  10 orc sorcerers
  4 manticores
  2 wolf spiders
  31 ugly things
  9 cyclopes
  3 centaur zombies
  28 elephants
  Maurice (D:13)
  7 black mambas
  12 vault sentinels
  3 molten gargoyles
  22 cane toads
  3 gargoyles
  2 torpor snails
  A storm dragon simulacrum (Vaults:2)
  4 rime drakes
  A kobold demonologist (Bailey)
  13 komodo dragons
  An efreet (D:15)
  6 freezing wraiths
  22 yaktaurs
  An ice devil (Gauntlet)
  A yaktaur skeleton (Vaults:3)
  A human skeleton (Vaults:3)
  6 trolls
  2 meliai (shapeshifter)
  A queen bee (shapeshifter) (D:15)
  3 meliai (D:14)
  3 polar bears
  11 hornets
  A merfolk (shapeshifter) (D:15)
  14 tyrant leeches
  A hornet (shapeshifter) (Vaults:1)
  A wind drake (shapeshifter) (Vaults:3)
  4 bog bodies
  Grinder (D:4)
  16 blink frogs
  33 slime creatures
  4 dream sheep (Lair:5)
  A redback (Vaults:3)
  3 large abominations (Gauntlet)
  9 spriggans
  9 shadows
  11 wyverns
  41 yaks
  4 air elementals
  10 wraiths
  5 basilisks
  A water elemental (Elf:3)
  5 fire elementals
  A human simulacrum (Vaults:2)
  21 vampire mosquitoes
  4 steam dragons
  10 insubstantial wisps
  12 wargs
  18 soldier ants (Lair:2)
  An acid dragon (Vaults:1)
  10 swamp worms
  8 hell hounds
  Duvessa (D:5)
  18 water moccasins
  45 orc warriors
  An eye of draining (D:15)
  17 swamp drakes
  4 ice beasts
  An ice beast (shapeshifter) (D:15)
  5 black bears
  An eye of draining (shapeshifter) (D:15)
  A phantom (D:5)
  3 sky beasts
  3 wolves (Lair:4)
  30 ogres
  9 boggarts
  8 centaurs
  3 big kobolds
  23 bullfrogs
  A glowing shapeshifter simulacrum (Vaults:3)
  Dowan (D:5)
  8 scorpions
  8 killer bees
  5 howler monkeys
  17 wights
  5 electric eels (Bailey)
  4 lava snakes (Lair:6)
  A bullfrog zombie (D:7)
  2 quasits
  10 hounds
  Crazy Yiuf (D:5)
  27 orc priests
  7 jellies
  39 orc wizards
  2 bullfrog skeletons
  8 centaur skeletons
  7 iguanas
  Natasha (D:3)
  7 hell rats (Lair:3)
  31 worker ants
  A killer bee zombie (D:6)
  6 small abominations
  A hound skeleton (D:5)
  Robin (D:2)
  A howler monkey zombie (D:5)
  3 worker ant zombies
  5 gnolls
  16 adders
  2 shadow imps
  8 white imps
  3 oozes
  An adder skeleton (D:7)
  A worm (D:2)
  2 dart slugs (D:2)
  5 leopard geckos
  117 orcs
  A bat zombie (D:3)
  10 giant cockroaches
  21 goblins
  23 hobgoblins
  12 jackals
  23 kobolds
  4 quokkas
  3 ball pythons
  8 bats
  6 frilled lizards
  A leopard gecko skeleton (D:5)
  A quokka skeleton (D:5)
  A quokka zombie (D:5)
  6 rats
  2 rat zombies (D:3)
  3 briar patches (Swamp:4)
  6 crawling corpses
  A fungus (Elf:2)
1523 creatures vanquished.

Vanquished Creatures (collateral kills)
  Sojobo (Vaults:2)
  A centaur warrior (Vaults:2)
  An orc knight (Vaults:2)
  A vault sentinel (Vaults:2)
  A tyrant leech (Swamp:4)
  A fire elemental (Orc:2)
  A warg (Vaults:2)
  An orc warrior (Orc:2)
  A boggart (Vaults:2)
  An orc wizard (Orc:2)
10 creatures vanquished.

Vanquished Creatures (others)
  Fannar (D:11)
  A dancing weapon (Elf:2)
  2 deep elf magi
  2 cyclopes (D:11)
  A komodo dragon (Swamp:3)
  A hornet (Swamp:1)
  A spriggan (Swamp:1)
  A soldier ant (D:11)
  A big kobold (D:11)
  A wight (D:11)
  A howler monkey (D:11)
  An orc priest (Orc:2)
  A hound (D:11)
  A worker ant (D:11)
  2 orc wizards
  A quokka (D:11)
  A bush (Lair:6)
  4 demonic plants (Gauntlet)
  71 fungi
  73 plants
  A withered plant (D:4)
169 creatures vanquished.

Grand Total: 1702 creatures vanquished

Notes
Turn   | Place    | Note
-------+----------+-------------------------------------------
     0 | D:1      | reriks the Deep Dwarf Fighter began the quest for the Orb.
     0 | D:1      | Reached XP level 1. HP: 20/20 MP: 1/1
     2 | D:1      | Noticed an ogre
     2 | D:1      | Noticed a merfolk
     4 | D:1      | Noticed a dwarf
     4 | D:1      | Noticed an elf
     6 | D:1      | Noticed a naga
     8 | D:1      | Noticed a minotaur
     8 | D:1      | Noticed a ghoul
    10 | D:1      | Noticed a human
    10 | D:1      | Noticed a vampire
    12 | D:1      | Noticed a gargoyle
    12 | D:1      | Noticed a spriggan
    14 | D:1      | Noticed an octopode
    14 | D:1      | Noticed a draconian
    19 | D:1      | Noticed a vine stalker
    19 | D:1      | Noticed a troll
    21 | D:1      | Noticed a demigod
    21 | D:1      | Noticed a centaur
    23 | D:1      | Noticed a halfling
    23 | D:1      | Noticed a formicid
    25 | D:1      | Noticed a tengu
    25 | D:1      | Noticed a demonspawn
    27 | D:1      | Noticed a felid
    51 | D:1      | You fall into a shaft and drop 1 floor!
    64 | D:2      | Reached XP level 2. HP: 25/27 MP: 2/2
    77 | D:2      | Reached XP level 3. HP: 22/34 MP: 3/3
   670 | D:2      | Reached XP level 4. HP: 42/42 MP: 4/4
   674 | D:2      | Noticed Robin
   701 | D:2      | Killed Robin
  1148 | D:3      | Found a stormy altar of Qazlal.
  1239 | D:3      | Found a shimmering altar of Xom.
  1274 | D:3      | Found a broken altar of Ashenzari.
  1660 | D:3      | Found an ancient bone altar of Kikubaaqudgha.
  1788 | D:3      | Found a runed translucent gate.
  1788 | D:3      | Found a runed translucent gate.
  1789 | D:3      | Found a faded altar of an unknown god.
  1790 | D:3      | Found a runed translucent gate.
  1790 | D:3      | Found an opulent altar of Gozag.
  1792 | D:3      | Noticed an orc warrior
  1792 | D:3      | Noticed BigPumpCobain's ghost (amateur MfTm)
  1795 | D:3      | Reached XP level 5. HP: 38/49 MP: 4/4
  1798 | D:3      | Noticed Natasha
  1803 | D:3      | Killed Natasha
  1916 | D:3      | Found a sparkling altar of Nemelex Xobeh.
  2028 | D:4      | Got a masterwork ring mail
  2030 | D:4      | Identified the +7 ring mail of Qiufuh {Int+3} (You found it
                  | on level 4 of the Dungeon)
  2098 | D:4      | Found a basalt altar of Yredelemnul.
  2268 | D:4      | Found a glowing golden altar of the Shining One.
  2283 | D:4      | Noticed Grinder
  2289 | D:4      | Killed Grinder
  2289 | D:4      | Reached skill level 5 in Armour
  2289 | D:4      | Reached XP level 6. HP: 55/57 MP: 5/5
  2404 | D:4      | Found a runed translucent door.
  2405 | D:4      | Noticed BruhMomento's ghost (novice DsAK)
  2452 | D:5      | Entered Level 5 of the Dungeon
  2468 | D:5      | Noticed an ice beast
  2473 | D:5      | Killed an ice beast
  2473 | D:5      | Reached skill level 5 in Shields
  2477 | D:5      | Reached XP level 7. HP: 62/64 MP: 6/6
  2576 | D:5      | Reached skill level 5 in Axes
  2629 | D:5      | Noticed Duvessa
  2629 | D:5      | Noticed Dowan
  2637 | D:5      | Killed Duvessa
  2648 | D:5      | Killed Dowan
  2656 | D:5      | Reached skill level 5 in Fighting
  2656 | D:5      | Reached XP level 8. HP: 62/74 MP: 7/7
  2773 | D:5      | Found a shadowy altar of Dithmenos.
  2823 | D:5      | Noticed Pikel
  2832 | D:5      | Killed Pikel
  3007 | D:5      | Found a runed translucent door.
  3008 | D:5      | Noticed Crazy Yiuf
  3531 | D:6      | Gained mutation: You passively map the area around you.
                  | [Deep Dwarf growth]
  3531 | D:6      | Reached XP level 9. HP: 58/82 MP: 8/8
  3593 | D:6      | Found a stormy altar of Qazlal.
  3645 | D:6      | Found an ornate altar of the Wu Jian Council.
  4308 | D:7      | Found a staircase to the Ecumenical Temple.
  4318 | Temple   | Entered the Ecumenical Temple
  4350 | Temple   | Became a worshipper of Makhleb the Destroyer
  4419 | D:7      | Found a glowing silver altar of Zin.
  4428 | D:7      | Found a hide-covered altar of Uskayaw.
  5056 | D:5      | Killed Crazy Yiuf
  5213 | D:8      | Reached * piety under Makhleb
  5287 | D:8      | Noticed a two-headed ogre
  5349 | D:8      | Found a hazy altar of Hepliaklqana.
  5387 | D:8      | Found a blossoming altar of Fedhas.
  5566 | D:8      | Killed a two-headed ogre
  5566 | D:8      | Reached XP level 10. HP: 87/94 MP: 9/9
  5924 | D:9      | Reached ** piety under Makhleb
  6238 | D:10     | Entered Level 10 of the Dungeon
  6886 | D:10     | Reached *** piety under Makhleb
  7009 | D:10     | Found a staircase to the Orcish Mines.
  7173 | D:10     | Reached **** piety under Makhleb
  7332 | D:11     | Killed a cyclops
  7363 | D:11     | Noticed a skeletal warrior
  7385 | D:11     | Killed a skeletal warrior
  7386 | D:11     | Killed a cyclops
  7406 | D:11     | Reached XP level 11. HP: 93/104 MP: 10/10
  7416 | D:11     | Reached skill level 10 in Armour
  7492 | D:11     | Found a shimmering altar of Xom.
  7503 | D:11     | Reached skill level 10 in Shields
  7680 | D:11     | Found a staircase to the Lair.
  7680 | D:11     | Noticed Fannar
  7719 | D:10     | Killed an unseen horror
  7719 | D:10     | Reached skill level 10 in Axes
  7803 | Orc:1    | Entered Level 1 of the Orcish Mines
  7803 | Orc:1    | Noticed an orc knight
  7803 | Orc:1    | Noticed an orc high priest
  7818 | Orc:1    | Noticed an orc knight
  7837 | D:10     | Killed an orc knight
  7883 | D:11     | Noticed Nergalle
  7896 | D:11     | Killed Nergalle
  7896 | D:11     | Reached skill level 1 in Invocations
  7900 | D:11     | Reached skill level 1 in Dodging
  7906 | D:11     | Killed Fannar
  8282 | Lair:1   | Entered Level 1 of the Lair of Beasts
  8338 | Lair:1   | Found a gate leading to a gauntlet.
  8351 | Gauntlet | Entered a Gauntlet
  8351 | Gauntlet | Found a transporter.
  8351 | Gauntlet | Found a transporter.
  8352 | Gauntlet | Found a transporter.
  8355 | Gauntlet | Found a transporter.
  8359 | Gauntlet | Noticed a hell beast
  8365 | Gauntlet | Found a transporter.
  8369 | Gauntlet | Found a transporter.
  8377 | Gauntlet | Noticed a death yak
  8378 | Gauntlet | Noticed a death yak
  8378 | Gauntlet | Noticed a death yak
  8378 | Gauntlet | Noticed a cacodemon
  8378 | Gauntlet | Noticed a death yak
  8379 | Gauntlet | Found a transporter.
  8379 | Gauntlet | Noticed a death yak
  8379 | Gauntlet | Noticed a death yak
  8469 | Gauntlet | Found a transporter.
  8471 | Gauntlet | Found a transporter.
  8479 | Gauntlet | Found a transporter.
  8483 | Gauntlet | Found a transporter.
  8493 | Gauntlet | Found a transporter.
  8493 | Gauntlet | Noticed a necromancer
  8669 | Gauntlet | Reached ***** piety under Makhleb
  8689 | Gauntlet | Got a pair of translucent gloves
  8700 | Gauntlet | Identified the +0 pair of gloves of Conscience {rN+} (You
                  | found it in a Gauntlet)
  8758 | Gauntlet | Identified a scroll of acquirement
  8758 | Gauntlet | Acquired 1299 gold pieces
  8773 | Gauntlet | Got a pair of heavily runed gloves
  8784 | Gauntlet | Noticed a minotaur
  8790 | Gauntlet | Killed a death yak
  8798 | Gauntlet | Killed a death yak
  8798 | Gauntlet | Reached XP level 12. HP: 108/114 MP: 8/10
  8807 | Gauntlet | Killed a minotaur
  8832 | Gauntlet | Identified the Guide on the Cloudy Volcanoes
  8846 | Gauntlet | Identified the +1 pair of gloves "Mibyrigi" {Slay+3 SInv}
                  | (You found it in a Gauntlet)
  8975 | Lair:1   | Reached skill level 5 in Invocations
  9078 | Lair:1   | Learned a level 1 spell: Beastly Appendage
  9626 | Lair:2   | Noticed a six-headed hydra
  9635 | Lair:2   | Killed a two-headed hydra
  9743 | Lair:2   | Reached skill level 5 in Dodging
  9743 | Lair:2   | Noticed a queen ant
  9763 | Lair:2   | Killed a queen ant
  9790 | Lair:2   | Reached skill level 10 in Fighting
  9849 | Lair:2   | Reached ****** piety under Makhleb
 10327 | Lair:3   | Reached XP level 13. HP: 94/123 MP: 13/13
 10479 | Lair:3   | Noticed Urug
 10487 | Lair:3   | Killed Urug
 10746 | Lair:3   | Found a hole to the Spider Nest.
 10808 | Lair:3   | Noticed Sonja
 10812 | Lair:3   | Killed Sonja
 10968 | Lair:3   | Found a staircase to the Swamp.
 11057 | Lair:3   | Found a burning altar of Makhleb.
 11932 | Lair:4   | Got a coiled iron ring
 11940 | Lair:4   | Identified the ring of Okawaru's Inspiration {Str+4 Slay+4}
                  | (You found it on level 4 of the Lair of Beasts)
 12117 | Lair:4   | Noticed Nessos
 12129 | Lair:4   | Killed Nessos
 12513 | Lair:5   | Acquired the ring "Hoprit" {rElec rPois rF+ Int+2 Dex-3}
 12641 | Lair:5   | Found a viscous altar of Jiyva.
 12641 | Lair:5   | Found a staircase to the Slime Pits.
 13160 | Lair:6   | Entered Level 6 of the Lair of Beasts
 13172 | Lair:6   | Gained mutation: You resist negative energy. (rN+) [Deep
                  | Dwarf growth]
 13172 | Lair:6   | Reached XP level 14. HP: 130/133 MP: 15/15
 13784 | Lair:5   | Reached skill level 10 in Invocations
 14131 | Lair:6   | Found a large runed translucent door.
 14132 | Lair:6   | Found a large runed translucent door.
 14801 | Orc:1    | Found Cerol Fosai's Assorted Antiques.
 14809 | Orc:1    | Bought a scroll of blinking for 217 gold pieces
 14809 | Orc:1    | Bought a potion of curing for 87 gold pieces
 14842 | Orc:2    | Entered Level 2 of the Orcish Mines
 14842 | Orc:2    | Noticed Erolcha
 14851 | Orc:2    | Killed Erolcha
 14982 | Orc:2    | Noticed Azrael
 14983 | Orc:2    | Found Xuopooco's Weapon Shoppe.
 14983 | Orc:2    | Found Tiren's Gadget Emporium.
 14983 | Orc:2    | Found Heoroud's Distillery.
 15003 | Orc:2    | Killed Azrael
 15011 | Orc:2    | Reached XP level 15. HP: 142/142 MP: 18/18
 15016 | Orc:2    | Found Qicar's Antique Weapon Shoppe.
 15020 | Orc:2    | Bought a potion of curing for 33 gold pieces
 15020 | Orc:2    | Bought a potion of curing for 33 gold pieces
 15020 | Orc:2    | Bought a potion of curing for 33 gold pieces
 15022 | Orc:2    | Bought a glowing broad axe for 252 gold pieces
 15214 | Orc:2    | Found a staircase to the Elven Halls.
 15346 | Orc:2    | Found a runed translucent gate.
 15347 | Orc:2    | Found a runed translucent gate.
 15347 | Orc:2    | Noticed BruhMomento's ghost (journeyman DsBe)
 15348 | Orc:2    | Found a runed translucent gate.
 15585 | Orc:2    | Found an iron altar of Okawaru.
 15999 | Orc:1    | Found a runed translucent door.
 16079 | Orc:1    | Noticed lunkers's ghost (journeyman KoBe)
 16099 | Orc:1    | Killed lunkers's ghost
 16476 | D:12     | Found a bloodstained altar of Trog.
 16731 | Orc:1    | Bought a scroll of enchant weapon for 217 gold pieces
 17375 | D:13     | Found a flagged portal.
 17396 | Bailey   | Entered a bailey
 17437 | Bailey   | Found an iron altar of Okawaru.
 18061 | D:13     | Noticed Maurice
 18069 | D:13     | Killed Maurice
 18277 | D:13     | You fall into a shaft and drop 1 floor!
 18377 | D:14     | Reached skill level 10 in Dodging
 18592 | D:13     | Found Turuynei's Gadget Shoppe.
 18836 | Swamp:1  | Entered Level 1 of the Swamp
 18866 | Swamp:1  | Acquired the +2 helmet of Action {rC- Int+2 Dex+4 Stlth+}
 19031 | Swamp:1  | Noticed Josephine
 19042 | Swamp:1  | Killed Josephine
 19587 | Swamp:2  | Noticed a thorn hunter
 19600 | Swamp:1  | Killed a thorn hunter
 19600 | Swamp:1  | Reached XP level 16. HP: 107/152 MP: 19/19
 19938 | Swamp:2  | Noticed a thorn hunter
 19948 | Swamp:2  | Killed a thorn hunter
 20764 | Swamp:3  | Noticed a thorn hunter
 21067 | Swamp:3  | Found a transporter.
 21276 | Swamp:3  | Killed a thorn hunter
 21343 | Swamp:3  | Found a transporter.
 21380 | Swamp:3  | Got a pair of bloodstained boots
 21386 | Swamp:3  | Identified the +1 pair of boots of Insatiable Hunger {MP+9
                  | Int-4 Dex+3} (You found it on level 3 of the Swamp)
 21452 | Swamp:4  | Entered Level 4 of the Swamp
 21647 | Swamp:4  | Noticed a thorn hunter
 21656 | Swamp:4  | Killed a thorn hunter
 21672 | Swamp:4  | Noticed a thorn hunter
 21682 | Swamp:4  | Killed a thorn hunter
 21798 | Swamp:4  | Noticed a thorn hunter
 21822 | Swamp:4  | Killed a thorn hunter
 21831 | Swamp:4  | Reached skill level 15 in Shields
 21993 | Swamp:4  | Reached skill level 15 in Armour
 21993 | Swamp:4  | Reached XP level 17. HP: 162/162 MP: 21/21
 22231 | Swamp:4  | Got a decaying rune of Zot
 22945 | D:14     | Noticed Roxanne
 23018 | D:14     | Found a gate to the Vaults.
 23427 | D:14     | Killed Roxanne
 23427 | D:14     | Reached skill level 15 in Axes
 23496 | D:15     | Entered Level 15 of the Dungeon
 24336 | D:15     | Found a staircase to the Depths.
 24601 | Depths:1 | Entered Level 1 of the Depths
 24684 | Vaults:1 | Entered Level 1 of the Vaults
 25107 | Vaults:1 | Found Zairuodu's Book Boutique.
 25212 | Vaults:1 | Gained mutation: You passively map a large area around you.
                  | [Deep Dwarf growth]
 25212 | Vaults:1 | Reached XP level 18. HP: 172/172 MP: 23/23
 25212 | Vaults:1 | Reached skill level 15 in Invocations
 25495 | Vaults:1 | Noticed an Ice Fiend
 25805 | Vaults:1 | Noticed an Ice Fiend
 26295 | Vaults:2 | Noticed Sojobo
 26315 | Vaults:2 | Killed Sojobo
 26448 | Vaults:2 | Noticed Asterion
 26460 | Vaults:2 | Killed Asterion
 26663 | Vaults:2 | Reached XP level 19. HP: 182/182 MP: 24/24
 26814 | Vaults:2 | Found a staircase to the Crypt.
 28020 | Vaults:3 | Paralysed by an ogre mage for 4 turns
 28705 | Elf:1    | Entered Level 1 of the Elven Halls
 28760 | Elf:1    | Found Vety Enk's Magic Scroll Boutique.
 28782 | Elf:1    | Noticed Donald
 28789 | Elf:1    | Killed Donald
 28938 | Elf:1    | Identified the Tome of Attacks
 29592 | Elf:2    | Reached XP level 20. HP: 192/192 MP: 23/23
 29685 | Elf:2    | Got a jewelled hat
 29686 | Elf:2    | Identified the +2 hat "Coteumu" {Int+2} (You found it on
                  | level 2 of the Elven Halls)
 29950 | Elf:2    | Found a runed translucent gate.
 29950 | Elf:2    | Found a runed translucent gate.
 29950 | Elf:2    | Found a runed translucent gate.
 30297 | Elf:2    | Noticed Louise
 30318 | Elf:2    | Killed Louise
 30438 | Elf:2    | Reached skill level 15 in Fighting
 30504 | Elf:3    | Entered Level 3 of the Elven Halls
 30640 | Elf:3    | Found Wouruone's Jewellery Shop.
 30714 | Elf:3    | Found a shimmering blue altar of Sif Muna.
 30842 | Elf:3    | Reached skill level 15 in Dodging
 30935 | Elf:3    | Killed from afar by a deep elf annihilator

Illustrated notes

Levels and vault maps discovered:
D:1:      kb_arrival_jail, layout_basic, skrybe_limestone_x,
          chequers_serial_rivers_micro_d
D:2:      layout_rooms, uniq_robin
D:3:      layout_loops_corners, lemuel_coloured_pillars_altar,
          nicolae_overflow_crystal_walls, lemuel_zombie_altar_kikubaaqudgha,
          lemuel_round_altar, lemuel_crystal_altar, ebering_ghost_gozag,
          serial_glass, glass_columns_a, glass_columns_a, due_unseen_surprise,
          minmay_strange_pillars, minmay_strange_pillars,
          chequers_ecumenical_altar_simple, uniq_natasha
D:4:      layout_cave_pools, yredelemnul_altar_generic, marbit_many_paths,
          gammafunk_ghost_grave, uniq_grinder
D:5:      layout_loops_corners, kennysheep_little_box, serial_glass,
          glass_columns_a, glass_columns_c, uniq_pikel, uniq_duvessa,
          uniq_crazy_yiuf_cottage
D:6:      layout_loops_cross, lemuel_crystal_altar, serial_rivers,
          chequers_serial_rivers_marsh, chequers_serial_rivers_micro_c,
          chequers_serial_rivers_micro_a, chequers_serial_rivers_large_b,
          chequers_serial_rivers_small_b, nicolae_qazlal_general_emergency
D:7:      layout_basic, grunt_temple_overflow_open,
          minmay_temple_entry_overgrown
D:8:      layout_loops_ring, overflow_temple_1_default, fedhas_altar_1
D:9:      layout_rooms
D:10:     layout_small_grid, hiddenorc2_lemuel, minmay_misc_feat_more_columns
D:11:     layout_long_grid, due_lair_maze_entry_diamond,
          small_chamber_with_monster, xom_confusion_cloud, uniq_fannar,
          uniq_nergalle
D:12:     minmay_general_purpose_star, layout_long_grid, serial_rivers,
          chequers_serial_rivers_room_b, chequers_serial_rivers_marsh,
          chequers_serial_rivers_micro_a, chequers_serial_rivers_micro_a,
          chequers_serial_rivers_micro_e, chequers_serial_rivers_micro_c,
          basic_altar
D:13:     layout_loops_ring, enter_bailey_2, serial_shops, kennysheep_mini_moat,
          minmay_misc_feat_doors, uniq_maurice
D:14:     layout_basic, erik_vaults_1, minmay_misc_feat_square,
          grunt_ministairs_6, uniq_roxanne
D:15:     gammafunk_enter_depths_forms, layout_loops_corners,
          hangedman_abyss_or_decor_clamps
Temple:   jpeg_temple_island
Lair:1:   layout_misc_corridors, gauntlet_entry_generic
Lair:2:   layout_misc_corridors, minivault_11, chequers_serial_rivers_micro_c,
          zaba_anthell, infiniplex_staircase_pool_2
Lair:3:   layout_hall_layers, minmay_swamp_entry_swarm,
          spider_nest_entry_rubble, basic_altar, beast_lair_carwin_9,
          uniq_sonja, uniq_urug
Lair:4:   layout_misc_corridors, pond, grunt_megastairs_1, uniq_nessos
Lair:5:   layout_loops_ring, slime_altar_1
Lair:6:   cheibrodos_lair_end_hotspot, layout_gridlike, lemuel_fruit_tree
Swamp:1:  layout_basic_swamp, evilmike_swamp_ruin_house_3, swamp_pool1,
          uniq_josephine
Swamp:2:  layout_basic_swamp, evilmike_swamp_ruin_house_1, swamp_pool2
Swamp:3:  gammafunk_the_bubble [the_bubble_gammafunk_plus_minus],
          layout_basic_swamp, evilmike_swamp_ruin_rubble_1, swamp_pool2
Swamp:4:  swamp_basic_johnstein, layout_basic_swamp
Orc:1:    minmay_goldmine, layout_diamond_mine, ebering_ghost_reflecting_pool,
          serial_shops, shop
Orc:2:    st_orc_mages, layout_caves, gammafunk_ghost_fury_of_okawaru,
          statue_in_the_mist_lemuel, uniq_azrael, uniq_erolcha
Elf:1:    minmay_elf_arrival_circle, layout_onion_city, serial_shops,
          nicolae_shop_trees, minmay_elf_annihilation,
          minmay_checkered_concentric_circles, uniq_donald
Elf:2:    layout_geoelf_diagonals, minmay_fountain_box, st_stairs_4,
          lemuel_elevator, uniq_louise
Elf:3:    minmay_elf_hall_four_x, layout_loops_cross, serial_shops, shop,
          david_defended_altar_elf
Vaults:1: hangedman_vaults_cutoff, nicolae_vaults_twisting_passages,
          vaults_mumra_minichess_inversion, v_rooms_5, v_misc_17,
          hangedman_vaults_maws, vaults_room_grunt_arrival_ludios,
          layout_vaults_chaotic_city, serial_shops, shop
Vaults:2: nicolae_vaults_alarming, hangedman_vaults_pinch,
          minmay_crypt_entry_simple_sparse, ontoclasm_vaults_ring_small,
          v_pattern_3, vaults_room_grid, nicolae_vaults_yaktaur_gun_rack,
          v_misc_24, v_rooms_5, v_misc_30, v_misc_15, nicolae_vaults_rhombus_6,
          layout_vaults_ring, uniq_asterion, uniq_sojobo
Vaults:3: hangedman_vaults_nails, hangedman_vaults_slither,
          nicolae_vaults_three_branches, v_rooms_5, vaults_dpeg_cross,
          v_misc_10, vaults_standard_mumra_lines, nicolae_vaults_theta,
          ontoclasm_vaults_decontamination, vaults_dpeg_hooks,
          layout_vaults_omnibox
Depths:1: layout_forbidden_donut, enter_ziggurat_f, kennysheep_big_empty_room,
          hell_entry, hangedman_abyss_or_decor_stagger, laboratory,
          grunt_megastairs_5, minmay_shoptagon, uniq_enchantress

Skill      XL: |  1  2  3  4  5  6  7  8  9 10 11 12 13 14 15 16 17 18 19 20 |
---------------+-------------------------------------------------------------+-----
Fighting       | 3 4 5 6 7 8 9 10 11 12 13 14 15 | 15.2
Axes           | 3 4 5 6 8 9 10 11 12 13 14 15 16 17 | 17.5
Armour         | 4 5 6 7 8 9 11 12 13 14 15 16 17 | 17.6
Shields        | 4 5 6 7 8 9 10 11 12 13 14 15 16 17 | 17.7
Invocations    | 4 7 9 11 12 13 14 16 17 | 17.8
Dodging        | 3 5 7 9 10 11 12 13 14 15 | 15.1

Action                   |  1- 3 |  4- 6 |  7- 9 | 10-12 | 13-15 | 16-18 | 19-21 || total
-------------------------+-------+-------+-------+-------+-------+-------+-------++-------
Melee: War axe           |    96 |   154 |   230 |   731 |   626 |       |       ||  1837
       Broad axe         |       |       |       |       |   437 |  1027 |   743 ||  2207
Throw: Javelin           |       |     6 |    26 |    12 |     4 |       |     5 ||    53
       Boomerang         |       |     1 |     2 |    16 |     1 |       |       ||    20
Invok: Greater Servant o |       |       |       |       |     1 |     5 |       ||     6
       Major Destruction |       |       |       |       |       |       |     4 ||     4
 Abil: Heal Wounds       |     1 |     3 |     2 |    13 |     2 |     5 |     7 ||    33
Evoke: Wand              |       |       |     1 |    17 |    26 |     4 |       ||    48
  Use: Scroll            |       |    12 |     1 |    14 |    19 |     6 |     7 ||    59
       Potion            |       |       |       |    10 |     1 |       |       ||    11
 Stab: Petrified         |       |       |       |       |     6 |       |       ||     6
       Sleeping          |       |       |       |       |       |     4 |       ||     4
       Confused          |       |       |       |       |       |     2 |       ||     2
       Distracted        |       |       |       |       |       |     3 |       ||     3
Armor: Scale mail        |    52 |    45 |       |       |       |       |       ||    97
       Ring mail         |       |    20 |    80 |   257 |   365 |   190 |       ||   912
       Plate armour      |       |       |       |       |       |   102 |   173 ||   275
Dodge: Dodged            |    36 |    49 |    59 |   198 |   504 |   476 |   232 ||  1554
Block: Kite shield       |    76 |    78 |   138 |   440 |   757 |   694 |   402 ||  2585
       Reflection        |       |       |       |       |       |       |    39 ||    39

Table legend: (Time is in decaauts)
 A = Elapsed time spent in this place.
 B = Non-inter-level travel time spent in this place.
 C = Inter-level travel time spent in this place.
 D = Time resting spent in this place.
 E = Time spent auto-exploring this place.
 F = Levels seen in this place.
 G = Mean time per level.
                   A        B        C        D        E       F      G
               +--------+--------+--------+--------+--------+-----+--------+
         Total |  31094 |  27894 |   3200 |   1610 |  18197 |  37 |  840.4 |
       Dungeon |  12843 |  11225 |   1618 |    320 |   7901 |  15 |  856.2 |
        Temple |     63 |     33 |     30 |      0 |     27 |   1 |   63.0 |
          Lair |   5639 |   5026 |    613 |    535 |   3117 |   6 |  939.8 |
         Swamp |   3962 |   3681 |    281 |    589 |   2160 |   4 |  990.5 |
  Orcish Mines |   1748 |   1438 |    310 |      0 |    960 |   2 |  874.0 |
   Elven Halls |   2117 |   1998 |    119 |    106 |   1224 |   3 |  705.7 |
        Vaults |   3753 |   3524 |    229 |     56 |   2358 |   3 | 1251.0 |
        Depths |      1 |      1 |      0 |      0 |      0 |   1 |    1.0 |
        Bailey |    466 |    466 |      0 |      0 |    300 |   1 |  466.0 |
      Gauntlet |    498 |    498 |      0 |      3 |    149 |   1 |  498.0 |
               +--------+--------+--------+--------+--------+-----+--------+

Top non-repeatable levels by time:
Vaults:1: 1492 daAuts
    D:10: 1456 daAuts
Vaults:3: 1155 daAuts
     D:5: 1150 daAuts
    D:15: 1128 daAuts
 Swamp:4: 1108 daAuts
Vaults:2: 1105 daAuts
  Lair:6: 1090 daAuts
     D:3: 1069 daAuts
 Swamp:3: 1061 daAuts
  Lair:3: 1057 daAuts
  Lair:5: 1048 daAuts
    D:11: 974 daAuts
    D:12: 961 daAuts
  Lair:1: 948 daAuts
